 Dungeon Crawl Stone Soup version 0.22-a0-441-gcf5b0c6 (webtiles) character file.

5625 KristoblXynda the Covert (level 10, -22/44 HPs)
             Began as a Spriggan Enchanter on May 30, 2018.
             Was a Believer of Ashenzari.
             Annihilated by an orc warrior
             ... wielding a +0 hand axe
              (25 damage)
             ... in a bailey.
             The game lasted 00:28:33 (11836 turns).

KristoblXynda the Covert (Spriggan Enchanter)      Turns: 11836, Time: 00:28:35

Health: -22/44     AC:  7    Str:  5    XL:     10   Next: 46%
Magic:  22/26      EV: 18    Int: 19    God:    Ashenzari [**....]
Gold:   443        SH:  0    Dex: 17    Spells: 23/31 levels left

rFire    . . .     SeeInvis +   a - +2 dagger
rCold    . . .     Gourm    .   (shield restricted)
rNeg     . . .     Faith    .   b - +0 robe
rPois    .         Spirit   .   o - +1 hat
rElec    .         Reflect  .   k - +1 cloak
rCorr    .         Harm     .   (gloves unavailable)
MR       ++...                  (boots unavailable)
Stlth    ++++++....             (no amulet)
HPRegen  0.14/turn              p - +2 ring of protection (curse)
MPRegen  0.20/turn              s - ring of protection from magic (curse)

@: very quick
A: very small, unfitting armour, see invisible, herbivore, speed 3, slow
metabolism 2
a: Curse Item, Scrying, Renounce Religion


You were in a bailey.
You worshipped Ashenzari.
Ashenzari was pleased with you.
You were not hungry.

You visited 2 branches of the dungeon, and saw 10 of its levels.
You also visited: Bailey.

You collected 443 gold pieces.

Inventory:

Hand Weapons
 a - a +2 dagger (weapon)
Armour
 b - a +0 robe (worn)
 k - a +1 cloak (worn)
 o - a +1 hat (worn)
Jewellery
 p - a cursed +2 ring of protection (left hand)
 s - a cursed ring of protection from magic (right hand)
Wands
 h - a wand of paralysis (17)
 q - a wand of flame (6)
 r - a wand of disintegration (2)
Scrolls
 c - 2 scrolls of enchant armour
 e - 3 scrolls of enchant weapon
 f - 4 scrolls of immolation
 l - 5 scrolls of remove curse
 m - a scroll of magic mapping
 n - 5 scrolls of teleportation
 t - 3 scrolls of fog
 w - a scroll of identify
Potions
 g - a potion of curing
 i - a potion of resistance
 j - a potion of agility {unknown}
 u - a potion of cancellation
 v - a potion of mutation {unknown}
Comestibles
 d - 14 rations


   Skills:
 + Level 2.2 Short Blades
 - Level 3.0 Dodging
 + Level 13.9 Stealth
 + Level 11.0 Spellcasting
 + Level 11.2(12.5) Hexes


You had 23 spell levels left.
You knew the following spells:

 Your Spells              Type           Power        Failure   Level  Hunger
b - Ensorcelled Hibernat  Hex/Ice        ####..       1%          2    None
c - Confuse               Hex            ######..     1%          3    None
d - Tukima's Dance        Hex            ######..     1%          3    None

Your spell library contained the following spells:

 Spells                   Type           Power        Failure   Level  Hunger
 Regeneration             Chrm/Necr      ##........   19%         3    None
 Corona                   Hex            ######.      1%          1    None
 Shroud of Golubria       Chrm/Tloc      ##........   10%         2    None
 Dazzling Spray           Conj/Hex       ####..       1%          3    None
 Infusion                 Chrm           ##..         6%          1    None
 Song of Slaying          Chrm           ##......     10%         2    None
 Spectral Weapon          Hex/Chrm       ####....     1%          3    None


Dungeon Overview and Level Annotations

Branches:
Dungeon (9/15)             Temple (1/1) D:5            Lair (0/6) D:8
    Orc: D:9-12

Altars:
Ashenzari
Cheibriados
Dithmenos
Elyvilon
Fedhas
Gozag
Hepliaklqana
Kikubaaqudgha
Makhleb
Nemelex Xobeh
Okawaru
Qazlal
Ru
Sif Muna
Trog
Uskayaw
Vehumet
Wu Jian
Xom
Yredelemnul
Zin
The Shining One


Innate Abilities, Weirdness & Mutations

You are very small and have problems with some larger weapons.
You are too small for most types of armour.
You have supernaturally acute eyesight. (SInv)
You are a herbivore.
You cover ground extremely quickly.
You need to consume almost no food.


Message History

You don't know that spell.
Unknown command.
Evoke which item? (* to show all) (? for menu, Esc to quit)
Aiming: Disintegrate
Press: ? - help, Shift-Dir - straight line, f/p - orc knight
Aim: an orc knight, wielding a war axe and wearing a plate armour (almost dead, chance to defeat MR: 48%)
The orc knight resists with some effort.
The orc knight hits you with a war axe!
* * * LOW HITPOINT WARNING * * *
Evoke which item? (* to show all) (? for menu, Esc to quit)
Aiming: Disintegrate
Press: ? - help, Shift-Dir - straight line, f/p - orc knight
Aim: an orc knight, wielding a war axe and wearing a plate armour (almost dead, chance to defeat MR: 48%)
The orc knight is blasted.
You blow up the orc knight!
Your Short Blades skill increases to level 2!
Your Spellcasting skill increases to level 11!
The orc warrior hits you with a hand axe!!
Ouch! That really hurt!
You die...

.......8# , #...........'
....o..8# , ,,,#...........#
.....g.### , ###.........##
...o.###.### ###.###.)...###♣
##{#)#.....###{###.....#)#.###
♣ ###.........###........)###
#..........)#...........#
#..........{#...........#
#.....⌠.....#o@...⌠.....#
#..........gg...........#
#..........g#)..........#
##.........###.........##
###.....### ###.....###
###.### ###.### ### ###


You could see an orc warrior, a gnoll and 2 goblins.

Vanquished Creatures
  Erica (D:8)
  An orc knight (Bailey)
  Joseph (D:8)
  Grinder (D:6)
  A hungry ghost (D:8)
  Edmund (D:6)
  Menkaure (D:6)
  3 wargs (D:8)
  8 orc warriors
  A black bear (D:7)
  2 ice beasts
  2 phantoms
  7 ogres
  A centaur (D:5)
  3 bullfrogs
  A scorpion (D:6)
  3 jellies
  2 howler monkeys
  2 crimson imps (D:8)
  A centaur zombie (D:9)
  A hound (D:7)
  3 orc priests
  8 orc wizards
  3 iguanas (D:8)
  5 worker ants
  2 hound zombies
  A hound skeleton (D:9)
  12 gnolls
  12 adders
  An ooze (D:1)
  An adder skeleton (D:5)
  3 worms
  4 dart slugs
  3 leopard geckos
  36 orcs
  12 giant cockroaches
  25 goblins
  10 hobgoblins
  12 jackals
  5 quokkas
  3 ball pythons
  7 bats
  6 frilled lizards
  A jackal skeleton (D:4)
  6 kobolds
  A leopard gecko zombie (D:6)
  10 rats
236 creatures vanquished.

Vanquished Creatures (others)
  A centaur zombie (D:5)
  An orc (D:5)
2 creatures vanquished.

Grand Total: 238 creatures vanquished

Notes
Turn   | Place    | Note
-------+----------+-------------------------------------------
     0 | D:1      | KristoblXynda the Spriggan Enchanter began the quest for the Orb.
     0 | D:1      | Reached XP level 1. HP: 9/9 MP: 5/5
   122 | D:1      | Reached XP level 2. HP: 12/13 MP: 7/7
   126 | D:1      | Learned a level 2 spell: Ensorcelled Hibernation
   378 | D:1      | Reached skill level 5 in Stealth
   895 | D:1      | Reached XP level 3. HP: 16/16 MP: 1/8
  1558 | D:2      | Found a faded altar of an unknown god.
  2196 | D:2      | Reached XP level 4. HP: 21/21 MP: 10/10
  2229 | D:2      | Learned a level 3 spell: Confuse
  2989 | D:3      | Reached skill level 6 in Stealth
  3469 | D:3      | Reached skill level 5 in Hexes
  3501 | D:3      | Reached XP level 5. HP: 24/24 MP: 6/12
  4349 | D:4      | Noticed an ogre
  4375 | D:4      | Killed an ogre
  4375 | D:4      | Reached skill level 7 in Stealth
  4375 | D:4      | Reached skill level 5 in Spellcasting
  4375 | D:4      | Reached XP level 6. HP: 28/28 MP: 4/14
  4742 | D:4      | Found a bloodstained altar of Trog.
  4989 | D:5      | Entered Level 5 of the Dungeon
  5029 | D:5      | Reached skill level 8 in Stealth
  5029 | D:5      | Reached XP level 7. HP: 25/32 MP: 6/16
  5325 | D:5      | Found a staircase to the Ecumenical Temple.
  5330 | Temple   | Entered the Ecumenical Temple
  5401 | Temple   | Became a worshipper of Ashenzari the Shackled
  5760 | D:5      | Found an iron altar of Okawaru.
  5869 | D:5      | Reached skill level 9 in Stealth
  5877 | D:5      | Learned a level 3 spell: Tukima's Dance
  6680 | D:6      | Noticed Grinder
  6701 | D:6      | Killed Grinder
  6701 | D:6      | Reached XP level 8. HP: 29/36 MP: 17/19
  6736 | D:6      | Noticed Edmund
  6764 | D:6      | Killed Edmund
  6764 | D:6      | Reached skill level 10 in Stealth
  7174 | D:6      | Found a burning altar of Makhleb.
  7176 | D:6      | Reached * piety under Ashenzari
  7295 | D:6      | Noticed Menkaure
  7308 | D:6      | Killed Menkaure
  7342 | D:6      | Reached skill level 11 in Stealth
  7649 | D:7      | Reached XP level 9. HP: 39/39 MP: 22/22
  9003 | D:8      | Reached skill level 12 in Stealth
  9276 | D:8      | Noticed a skeletal warrior
  9478 | D:8      | Reached skill level 10 in Hexes
  9486 | D:8      | Found a staircase to the Lair.
 10071 | D:8      | Noticed Erica
 10265 | D:8      | Reached ** piety under Ashenzari
 10441 | D:8      | Noticed Joseph
 10474 | D:8      | Killed Joseph
 10474 | D:8      | Reached skill level 13 in Stealth
 10474 | D:8      | Reached skill level 10 in Spellcasting
 10609 | D:8      | Killed Erica
 10609 | D:8      | Reached XP level 10. HP: 29/44 MP: 22/25
 10814 | D:9      | Found a flagged portal.
 10848 | Bailey   | Entered a bailey
 11805 | Bailey   | Noticed an orc knight
 11836 | Bailey   | Killed an orc knight
 11836 | Bailey   | Annihilated by an orc warrior

Vault maps used:
D:1:      lemuel_arrival_rhombus, serial_forest, infiniplex_forest_end_2,
          infiniplex_forest_3_way, infiniplex_forest_lined_corner,
          infiniplex_forest_clump_small, infiniplex_forest_lined_corner,
          infiniplex_forest_clump_small, infiniplex_forest_straight_3,
          infiniplex_forest_lined_3
D:2:      chequers_ecumenical_altar_simple
D:3:      kennysheep_six_static_rooms
D:4:      dk_noncrumbling_2, lemuel_tele_altar
D:5:      kennysheep_okawaru_gauntlet, minmay_temple_entry_statues_pillars,
          first_ration, lemuel_flame_loot_1
D:6:      basic_altar, uniq_menkaure, uniq_grinder, uniq_edmund
D:8:      erik_lair_orcish_takeover, grunt_ogre_cave, kennysheep_just_a_vault,
          uniq_erica, uniq_joseph
D:9:      enter_bailey_2
Temple:   roderic_octagonal_lattice_temple
Bailey:   bailey_axe_minmay_hex_keep, bailey

Skill      XL: |  1  2  3  4  5  6  7  8  9 10 |
---------------+-------------------------------+-----
Spellcasting   | 3 4 5 7 8 10 11 | 11.0
Hexes          | 4 5 6 7 9 10 11 | 11.2
Stealth        | 5 6 7 8 9 11 13 | 13.9
Short Blades   | 2 |  2.2
Dodging        | |  3.0

Action                   |  1- 3 |  4- 6 |  7- 9 | 10-12 || total
-------------------------+-------+-------+-------+-------++-------
Melee: Dagger            |   165 |   244 |   208 |    98 ||   715
Throw: Throwing net      |       |       |     1 |       ||     1
 Cast: Ensorcelled Hiber |    22 |    53 |    77 |    69 ||   221
       Confuse           |       |       |    21 |     1 ||    22
Invok: Curse Item        |       |       |     1 |     1 ||     2
Evoke: Wand              |       |       |    17 |     4 ||    21
  Use: Scroll            |     1 |     2 |    11 |       ||    14
       Potion            |       |       |     3 |       ||     3
 Stab: Sleeping          |    22 |    38 |    60 |    53 ||   173
       Confused          |       |       |    15 |     2 ||    17
       Paralysed         |       |       |     3 |       ||     3
  Eat: Ration            |       |     2 |     3 |     1 ||     6
Armor: Robe              |    23 |    50 |    32 |     9 ||   114
Dodge: Dodged            |   148 |   249 |   126 |    66 ||   589

Table legend:
 A = Spawn XP
 B = Non-spawn XP
 C = Spawn XP percentage of total XP
 D = Spawn monster count
 E = Non-spawn monster count
 F = Spawn count percentage of total count
 G = Total turns spent on level
                    A         B        C        D         E        F      G
               +---------+---------+-------+---------+---------+-------+---------
         Total |       0 |    8037 |   0.0 |       0 |     236 |   0.0 | 11836
               +---------+---------+-------+---------+---------+-------+---------
           D:1 |       0 |      59 |   0.0 |       0 |      30 |   0.0 |  1558
           D:2 |       0 |      81 |   0.0 |       0 |      22 |   0.0 |  1174
           D:3 |       0 |      68 |   0.0 |       0 |      25 |   0.0 |  1286
           D:4 |       0 |     427 |   0.0 |       0 |      24 |   0.0 |   971
           D:5 |       0 |     715 |   0.0 |       0 |      15 |   0.0 |  1528
           D:6 |       0 |    1444 |   0.0 |       0 |      21 |   0.0 |   851
           D:7 |       0 |     603 |   0.0 |       0 |      19 |   0.0 |  1171
           D:8 |       0 |    2868 |   0.0 |       0 |      28 |   0.0 |  1928
           D:9 |       0 |     352 |   0.0 |       0 |       6 |   0.0 |   124
        Bailey |       0 |    1420 |   0.0 |       0 |      46 |   0.0 |   988
               +---------+---------+-------+---------+---------+-------+---------
